 Dungeon Crawl Stone Soup version 0.28.0 (webtiles) character file.

Game seed: 5402843324099496272

339543 freelancePsychic the Peltast (level 22, 0/169 HPs)
             Began as a Djinni Conjurer on Feb 14, 2022.
             Was the Champion of Makhleb.
             Killed from afar by an ancient lich (77 damage)
             ... with a crystal spear
             ... on level 3 of the Crypt on Feb 15, 2022.
             The game lasted 02:07:03 (46485 turns).

freelancePsychic the Peltast (Djinni Conjurer)     Turns: 46485, Time: 02:07:04

Health: 0/169      AC: 16    Str:  6    XL:     22   Next: 96%
Gold:   5183       EV: 21    Int: 43    God:    Makhleb [******] SH: 24 Dex: 12

rFire   + + .      SeeInvis .   L - +8 hand axe of the Key {holy, Int+6}
rCold   . . .      Faith    .   X - +4 tower shield
rNeg    + + +      Spirit   .   S - +4 troll leather armour
rPois   ∞          Reflect  .   e - +2 helmet of the Equinox {rElec rPois rN+++ MP-9}
rElec   +          Harm     .   d - +1 cloak of Starlight {*Dazzle EV+4 Stlth--}
rCorr   +          Rampage  .   y - +1 pair of gloves
Will    ++...                   (boots unavailable)
Stlth   +.........              a - amulet of regeneration
HPRegen 1.98/turn               k - ring of Bury {+Blink Fly rC+ rCorr}
MPRegen 0.00/turn               O - +6 ring of intelligence

@: flying, studying 5 skills
A: sickness immunity, fire resistance 2, cold vulnerability 1, float, innate
caster, HP casting, extra vitality 1
}: 2/15 runes: decaying, serpentine
a: Renounce Religion, Evoke Blink, Minor Destruction, Lesser Servant of Makhleb,
Major Destruction, Greater Servant of Makhleb


You were on level 3 of the Crypt.
You worshipped Makhleb.
Makhleb was exalted by your worship.
You visited 8 branches of the dungeon, and saw 39 of its levels.
You also visited: Trove and Sewer.

You collected 5937 gold pieces.
You spent 754 gold pieces at shops.

Inventory:

Hand Weapons
 h - a +0 eveningstar
 v - a +1 eveningstar of draining
 L - the +8 hand axe of the Key (weapon) {holy, Int+6}
   (You found it on level 12 of the Dungeon)

   It has been blessed by the Shining One to cause great damage to the undead
   and demons.
   Int:       It affects your intelligence (+6).
Armour
 d - the +1 cloak of Starlight (worn) {*Dazzle EV+4 Stlth--}
   (You acquired it on level 4 of the Snake Pit)

   It may blind those who miss an attack against the wearer in melee combat.
   EV:        It affects your evasion (+4).
   Stlth:     It makes you much less stealthy.
 e - the +2 helmet of the Equinox (worn) {rElec rPois rN+++ MP-9}
   (You acquired it on level 4 of the Snake Pit)

   rElec:     It insulates you from electricity.
   rPois:     It protects you from poison.
   rN:        It renders you almost immune to negative energy.
   MP:        It affects your magic capacity (-9).
 y - a +1 pair of gloves (worn)
 P - the +3 hat of Pondering {ponderous, Will+ MP+10 Int+5}
   (You took it off Gastronok on level 11 of the Dungeon)

   Int:       It affects your intelligence (+5).
   MP:        It affects your magic capacity (+10).
   Will:      It increases your willpower.
 S - a +4 troll leather armour (worn)
 X - a +4 tower shield (worn)
Jewellery
 a - an amulet of regeneration (around neck)
 k - the ring of Bury (left hand) {+Blink Fly rC+ rCorr}
   (You bought it in a shop on level 1 of the Elven Halls)

   [ring of flight]

   rC:        It protects you from cold.
   Fly:       It grants you flight.
   +Blink:    It lets you blink.
   rCorr:     It protects you from acid and corrosion.
 E - an amulet of the acrobat
 O - a +6 ring of intelligence (right hand)
Wands
 u - a wand of digging (14)
 w - a wand of charming (35)
 x - a wand of flame (56)
 F - a wand of iceblast (41)
 I - a wand of paralysis (24)
 K - a wand of acid (23)
 Q - a wand of polymorph (14)
 R - a wand of mindburst (15)
Scrolls
 b - 7 scrolls of fog
 c - 7 scrolls of amnesia
 f - 12 scrolls of magic mapping
 j - 14 scrolls of teleportation {@r4}
 l - 2 scrolls of holy word
 n - 7 scrolls of identify {@r1}
 o - 4 scrolls of silence
 p - 8 scrolls of fear
 r - 8 scrolls of blinking
 z - 7 scrolls of immolation
 C - 5 scrolls of vulnerability
 J - a scroll of enchant armour
 U - 4 scrolls of summoning
 V - 3 scrolls of torment
 Z - 7 scrolls of enchant weapon
Potions
 g - a potion of ambrosia
 i - 2 potions of degeneration
 m - 8 potions of heal wounds {@q2}
 q - 2 potions of invisibility
 s - a potion of resistance
 t - 15 potions of curing {@q1}
 A - 4 potions of might
 B - 5 potions of haste {@q3}
 D - 10 potions of mutation
 G - 7 potions of brilliance
 H - 2 potions of berserk rage
 M - 6 potions of lignification
 N - 4 potions of attraction
 W - 3 potions of cancellation
Miscellaneous
 T - a condenser vane


   Skills:
 - Level 18.1 Fighting
 + Level 5.5 Armour
 + Level 18.7 Dodging
 - Level 6.2 Stealth
 + Level 19.1 Shields
 + Level 18.9 Spellcasting
 - Level 10.7 Evocations


You couldn't memorise any spells.
You knew the following spells:

 Your Spells              Type           Power      Damage    Failure   Level
a - Eringya's Noxious Bo  Tmut/Pois      58%        N/A       1%          6
b - Summon Hydra          Summ           58%        N/A       1%          7
c - Dazzling Flash        Conj/Hex       100%       N/A       0%          3
d - Fulminant Prism       Conj/Hex       58%        3d25      0%          4
e - Iskenderun's Mystic   Conj/Tloc      100%       2d19      0%          4
f - Cause Fear            Hex            58%        N/A       0%          4
g - Anguish               Hex/Necr       58%        N/A       0%          4
h - Dispersal             Tloc           58%        N/A       1%          6
i - Animate Skeleton      Necr           100%       N/A       0%          1
j - Magic Dart            Conj           100%       1d8       0%          1
k - Manifold Assault      Tloc           100%       N/A       1%          5
l - Corpse Rot            Necr/Air       100%       N/A       0%          2
m - Scorch                Fire           100%       2d10      0%          2
n - Searing Ray           Conj           100%       2d8       0%          2
o - Borgnjor's Revivific  Necr           58%        N/A       5%          8
Your spell library was empty.

Dungeon Overview and Level Annotations

Branches:
Dungeon (15/15)            Temple (0/1) D:6            Lair (6/6) D:11
  Swamp (4/4) Lair:2        Snake (4/4) Lair:3        Slime (0/5) Lair:6
    Orc (2/2) D:9             Elf (3/3) Orc:2        Vaults (2/5) D:13
  Crypt (3/3) Vaults:2       Tomb (0/3) Crypt:3       Sewer (visited)
 Depths: D:15

Altars:
Cheibriados
Gozag
Makhleb
Nemelex Xobeh
Ru
Trog
Vehumet
Yredelemnul
Zin
The Shining One
Beogh

Shops:
D:3 (   D:10 [   Orc:2 *(*   Elf:1 ***   Snake:3 (=

Annotations:
D:5 1 runed translucent door, Barbarella's ghost, novice TrMo
D:9 3 runed translucent doors, a3don's ghost, novice MiFi
D:13 2 transporters, exclusion: obsidian statue
D:14 exclusion: downstairs
D:15 1 runed translucent door, MadAsgardian's ghost, journeyman TrMo; Rupert
Lair:3 exclusion: oklob plant
Elf:2 3 runed translucent doors
Elf:3 exclusion: deep elf annihilator
Crypt:3 exclusion: door


Innate Abilities, Weirdness & Mutations

You are immune to sickness and miasma.
You are immune to poison.
Your flesh is very heat resistant. (rF++)
You are vulnerable to cold. (rC-)
You float through the air rather than walking.
You learn spells naturally, not from books.
Your magical power is your life essence.
You have superior vitality. (+4 MHP)


Message History

An eight-headed hydra appears.
The war gargoyle launches metal splinters at you.
The spray of metal splinters misses you.
Your eight-headed hydra bites the war gargoyle but does no damage.
Your eight-headed hydra barely misses the war gargoyle.
Your eight-headed hydra bites the war gargoyle but does no damage. x2
Your eight-headed hydra bites the war gargoyle!
Your eight-headed hydra bites the war gargoyle but does no damage.
Your eight-headed hydra barely misses the war gargoyle.
Your eight-headed hydra bites the war gargoyle but does no damage.
The war gargoyle launches metal splinters at your eight-headed hydra.
The spray of metal splinters hits your eight-headed hydra!!!!
Your eight-headed hydra dies!
Your eight-headed hydra's corpse disappears in a puff of smoke!
The war gargoyle launches metal splinters at you.
The spray of metal splinters misses you.
The ancient lich touches you but does no damage.
Casting: Summon Hydra (mildly dangerous; 1% risk of failure)
Confirm with . or Enter, or press ? or * to list all spells.
An eight-headed hydra appears.
The ancient lich touches you.
The war gargoyle launches metal splinters at you.
The spray of metal splinters hits you!!
Your eight-headed hydra bites the war gargoyle.
Your eight-headed hydra bites the war gargoyle but does no damage.
Your eight-headed hydra barely misses the war gargoyle.
Your eight-headed hydra bites the war gargoyle but does no damage.
Your eight-headed hydra bites the war gargoyle!
The war gargoyle is destroyed!
Makhleb accepts your kill.
Your eight-headed hydra bites the ancient lich. x2
Your eight-headed hydra bites the ancient lich but does no damage.
There is a large open door here.
Something closely misses your eight-headed hydra.
Casting: Summon Hydra (mildly dangerous; 1% risk of failure)
Confirm with . or Enter, or press ? or * to list all spells.
A four-headed hydra appears.
Your eight-headed hydra disappears in a puff of smoke!
The ancient lich gestures at you while chanting.
The crystal spear hits you!!!!
You die...

#..>..'. #..# #.#.#.#
#..# #.....# #..#
#.....# #..# #....)#
#..# #.)...# ##..#
#.....# ##...#
#'L##############...##
#...§@.............##.
#....D............##..
###################...
#....................#
#...................##
#########''###########.
#......................
#..........P.P.........
#......................


You could see an ancient lich (ally target) and a friendly four-headed hydra
(summoned).

Vanquished Creatures
  An ancient lich (Crypt:2)
  Jorgrun (Elf:2)
  2 liches (Crypt:3)
  Gastronok (D:11)
  A sphinx (Vaults:1)
  Donald (Swamp:1)
  11 nagarajas
  2 revenants (Crypt:2)
  4 orc warlords
  A curse skull (Crypt:1)
  A deep elf sorcerer (Elf:1)
  2 vault wardens
  4 ironbound preservers
  The ghost of ProzacElf the Grappler, a journeyman TrDe of Qazlal (Lair:6)
  A war gargoyle (Crypt:3)
  A deep elf demonologist (Elf:1)
  An eleionoma (Swamp:1)
  Azrael (D:12)
  4 ironbound thunderhulks
  13 dire elephants
  An eidolon (Crypt:1)
  A deep elf death mage (Vaults:1)
  Josephine (D:14)
  A yaktaur captain (Vaults:2)
  A deep elf high priest (Elf:1)
  4 jiangshi (Crypt:2)
  A vault guard (D:13)
  17 naga warriors
  Harold (Lair:1)
  3 salamander tyrants
  2 boulder beetles
  A spriggan skeleton (Crypt:1)
  A ghost crab (Swamp:1)
  3 centaur warriors
  8 hydras
  4 catoblepae
  3 ironbound frosthearts
  9 anacondas
  3 dancing weapons
  2 death knights
  2 alligators
  3 two-headed ogres
  10 death yaks
  Erica (Lair:1)
  2 orc high priests (Elf:1)
  4 vampire magi
  23 naga sharpshooters
  9 shock serpents
  11 deep elf knights
  4 skeletal warriors
  4 salamander mystics
  A shock serpent (shapeshifter) (Elf:3)
  2 bog bodies (Lair:2)
  A flayed ghost (Crypt:2)
  14 deep trolls
  2 naga ritualists
  7 deep elf archers
  7 lindwurms
  4 goliath frogs (Swamp:1)
  A sphinx zombie (Crypt:2)
  Pikel (D:6)
  A harpy (shapeshifter) (Elf:3)
  14 deep elf pyromancers
  7 ironbound convokers
  8 wizards
  2 harpies (Vaults:1)
  9 mana vipers
  2 necromancers
  21 ugly things
  6 orc sorcerers
  A spectral spriggan (Swamp:3)
  2 mana vipers (shapeshifter) (Elf:3)
  3 cyclopes
  22 deep elf zephyrmancers
  7 salamanders
  A stone giant zombie (Crypt:1)
  9 orc knights
  5 elephants (Lair:3)
  An oklob plant (Lair:3)
  2 manticores (Lair:6)
  Maurice (D:9)
  4 guardian serpents
  Joseph (D:7)
  A human skeleton (Vaults:2)
  16 naga magi
  32 black mambas
  4 vault sentinels
  A torpor snail (Lair:4)
  3 orange demons (D:11)
  A centaur skeleton (Crypt:1)
  A guardian serpent (shapeshifter) (D:12)
  Psyche (D:9)
  A swamp worm zombie (Crypt:2)
  4 rime drakes
  2 unseen horrors
  A freezing wraith (D:14)
  18 cane toads
  2 kobold demonologists
  A tengu conjurer (D:12)
  A guardian mummy (Crypt:3)
  2 efreet
  9 komodo dragons
  3 red devils (D:11)
  16 yaktaurs
  A bloated husk (Swamp:1)
  7 trolls
  A hornet (D:6)
  23 slime creatures
  19 dream sheep
  23 blink frogs
  A centaur simulacrum (Crypt:1)
  2 air elementals (Elf:1)
  7 water elementals
  6 shadows
  64 yaks
  A culicivora (shapeshifter) (D:12)
  Grum (D:10)
  4 wraiths
  4 wyverns
  10 humans (D:13)
  5 basilisks
  A redback (shapeshifter) (Elf:3)
  An alligator snapping turtle simulacrum (Crypt:1)
  4 fire elementals
  3 steam dragons
  20 vampire mosquitoes
  A swamp worm simulacrum (Swamp:4)
  A yaktaur simulacrum (Vaults:2)
  65 nagas
  A naga (shapeshifter) (Elf:3)
  4 wargs
  3 acid dragons
  9 water moccasins
  4 hell hounds (D:12)
  44 orc warriors
  13 hydra simulacra (Swamp:4)
  2 swamp drakes
  2 black bears
  2 necrophages
  2 sky beasts
  28 wolves
  6 ogres
  2 phantoms
  7 centaurs
  A lemure (D:6)
  18 kobold brigands
  Blork the orc (D:6)
  A gnoll sergeant (D:7)
  A wyvern zombie (Crypt:2)
  15 bullfrogs
  2 earth elementals
  A water moccasin zombie (D:5)
  A wyvern skeleton (D:7)
  10 killer bees (D:9)
  8 wights
  8 electric eels
  A crimson imp (Orc:1)
  3 centaur zombies
  5 hounds
  A human zombie (Crypt:1)
  23 orc priests
  A jelly (Lair:6)
  A bullfrog skeleton (D:6)
  An iron imp (Orc:1)
  2 iguanas
  A scorpion zombie (D:5)
  32 orc wizards
  13 hell rats
  2 mummies
  10 gnolls
  9 adders
  A shadow imp (Orc:1)
  3 white imps
  An ufetubus (D:6)
  A worm (D:2)
  3 dart slugs
  98 orcs
  7 endoplasms
  4 giant cockroaches
  10 goblins
  7 hobgoblins
  8 jackals
  3 quokkas
  8 ball pythons
  7 bats
  3 frilled lizards
  22 kobolds
  17 rats
1262 creatures vanquished.

Vanquished Creatures (collateral kills)
  A bone dragon (Crypt:3)
  An ancient champion (Crypt:2)
  Frances (Swamp:1)
  The ghost of Pileg the Severer, an adept FoFi of Okawaru (Elf:1)
  2 sphinxes (Crypt:3)
  A fenstrider witch (Swamp:4)
  4 revenants
  A vault warden (Vaults:2)
  An ironbound preserver (Vaults:2)
  3 ghouls (Swamp:3)
  2 war gargoyles (Crypt:3)
  4 ironbound thunderhulks
  2 juggernaut skeletons
  3 vampire knights
  2 eleionomae
  2 bunyips
  2 eidola
  2 jiangshi (Crypt:1)
  2 ice dragons (Swamp:4)
  A quicksilver dragon skeleton (Crypt:3)
  8 hydras
  An ironbound frostheart (Vaults:2)
  A death knight (Vaults:2)
  2 spriggan skeletons (Crypt:3)
  3 ghost crabs (Swamp:3)
  A fenstrider witch skeleton (Crypt:1)
  7 alligators
  3 dancing weapons (Elf:1)
  A vampire mage (Crypt:1)
  A soul eater (Crypt:1)
  2 deep elf knights (Elf:1)
  A shadow wraith (Crypt:2)
  27 skeletal warriors
  3 swamp dragons
  5 goliath frogs
  3 deep trolls (Vaults:2)
  2 spriggan druids
  6 bog bodies (Swamp:3)
  3 ironbound convokers
  An anaconda zombie (Crypt:3)
  2 deep elf archers (Elf:1)
  2 lindwurms (Vaults:2)
  3 phantasmal warriors
  A bunyip skeleton (Crypt:3)
  3 orc knights (Vaults:2)
  An iron dragon zombie (Crypt:3)
  3 deep elf zephyrmancers (Elf:1)
  4 deep elf pyromancers (Elf:1)
  A harpy (Vaults:1)
  2 stone giant zombies
  6 spectral spriggans (Swamp:3)
  A will-o-the-wisp (Swamp:3)
  2 slime creatures (Vaults:2)
  11 fire giant skeletons
  A stone giant skeleton (Vaults:2)
  A dire elephant skeleton (Crypt:3)
  4 gargoyles (Crypt:3)
  3 yaktaurs
  7 freezing wraiths
  An alligator snapping turtle skeleton (Crypt:3)
  4 guardian mummies
  A hydra zombie (Crypt:2)
  2 hornets
  3 harpy zombies (Crypt:1)
  10 tyrant leeches
  5 nameless horrors
  2 harpy skeletons (Crypt:3)
  2 air elementals (Elf:1)
  An ettin skeleton (Crypt:3)
  2 spriggans
  6 fire dragon skeletons (Crypt:3)
  An ushabti (Crypt:3)
  A fire elemental (Elf:1)
  9 wraiths
  A satyr skeleton (Crypt:1)
  4 swamp worm simulacra (Swamp:4)
  6 vampire mosquitoes (Swamp:2)
  2 naga zombies
  11 swamp worms
  3 swamp drakes
  2 hydra simulacra (Swamp:4)
  A lindwurm skeleton (Crypt:1)
  A swamp dragon zombie (Crypt:1)
  A blink frog skeleton (Crypt:1)
  An earth elemental (Elf:1)
  A basilisk zombie (Crypt:2)
  A black bear skeleton (Crypt:2)
  A demigod zombie (Crypt:2)
  A felid skeleton (Crypt:1)
  A deep dwarf skeleton (Crypt:2)
  A demigod skeleton (Crypt:1)
  6 mummies (Crypt:3)
  A swamp drake skeleton (Crypt:1)
  3 swamp drake simulacra (Swamp:4)
  A withered plant (Crypt:3)
277 creatures vanquished.

Vanquished Creatures (others)
  Aizul (Swamp:3)
  An eleionoma (Swamp:3)
  2 hydras
  A boulder beetle (Lair:6)
  A naga warrior (Snake:4)
  2 ghost crabs
  2 centaur warriors
  2 alligators (Swamp:2)
  A dancing weapon (Elf:1)
  4 naga sharpshooters
  Urug (Lair:4)
  4 shock serpents
  A bog body (Swamp:3)
  An orc sorcerer (Orc:2)
  2 deep elf zephyrmancers (Elf:1)
  A manticore (D:12)
  A cyclops (D:11)
  An ugly thing (D:12)
  2 guardian serpents
  A gargoyle (D:12)
  2 bloated husks (Swamp:3)
  2 tyrant leeches
  A human (D:13)
  A vampire mosquito (Swamp:2)
  A naga (Snake:1)
  A centaur (D:14)
  A kobold brigand (D:10)
  An electric eel (D:12)
  An orc wizard (D:12)
  A bush (Lair:2)
  2 foxfires (Swamp:3)
  75 fulminant prisms
  33 fungi
  60 plants
  38 withered plants (Crypt:3)
252 creatures vanquished.

Grand Total: 1791 creatures vanquished

Notes
Turn   | Place    | Note
-------+----------+-------------------------------------------
     0 | D:1      | freelancePsychic the Djinni Conjurer began the quest for
                  | the Orb.
     0 | D:1      | Reached XP level 1. HP: 15/15 MP: 0/0
   164 | D:1      | Reached XP level 2. HP: 16/22 MP: 0/0
   448 | D:1      | Found a faded altar of an unknown god.
   503 | D:1      | Reached skill level 1 in Fighting
   664 | D:1      | Reached XP level 3. HP: 20/27 MP: 0/0
   664 | D:1      | Learned a level 1 spell: Animate Skeleton
  1301 | D:2      | Reached XP level 4. HP: 29/32 MP: 0/0
  1949 | D:2      | Reached XP level 5. HP: 28/38 MP: 0/0
  1949 | D:2      | Learned a level 2 spell: Scorch
  2584 | D:3      | Found Dibbil's Antique Weapon Shoppe.
  2702 | D:3      | Found a glowing drain.
  2722 | Sewer    | Entered a sewer
  3325 | D:3      | Found a glowing golden altar of the Shining One.
  3325 | D:3      | Found a bloodstained altar of Trog.
  3741 | D:3      | Identified the +5 ring mail of the Eagle {rCorr}
  3881 | D:4      | Noticed a phantom
  3885 | D:3      | Reached XP level 6. HP: 39/45 MP: 0/0
  4068 | D:4      | Reached skill level 1 in Armour
  4298 | D:4      | Identified the +2 robe of Catatonia {rC- Will++ rCorr}
  4334 | D:4      | Noticed an ogre
  4355 | D:4      | Killed an ogre
  4356 | D:4      | Reached skill level 5 in Spellcasting
  4370 | D:4      | Reached XP level 7. HP: 30/50 MP: 0/0
  4370 | D:4      | Learned a level 2 spell: Corpse Rot
  4938 | D:5      | Entered Level 5 of the Dungeon
  4964 | D:5      | Found a runed translucent door.
  4964 | D:5      | Noticed Barbarella's ghost (novice TrMo)
  4965 | D:5      | Identified the +9 spear of Tinejat {freeze, rElec Int-2
                  | Dex+5}
  5408 | D:5      | Reached XP level 8. HP: 50/58 MP: 0/0
  5944 | D:6      | Noticed a hornet
  5953 | D:6      | Killed a hornet
  5954 | D:6      | Reached skill level 5 in Fighting
  6095 | D:6      | Noticed Blork the orc
  6103 | D:6      | Killed Blork the orc
  6462 | D:6      | Found a sacrificial altar of Ru.
  6496 | D:6      | Became a worshipper of Ru the Awakened
  6513 | D:6      | Reached XP level 9. HP: 59/65 MP: 0/0
  6513 | D:6      | Learned a level 4 spell: Cause Fear
  6553 | D:6      | Found a burning altar of Makhleb.
  6561 | D:6      | Fell from the grace of Ru
  6561 | D:6      | Became a worshipper of Makhleb the Destroyer
  6650 | D:6      | Noticed Pikel
  6656 | D:6      | Killed Pikel
  6914 | D:6      | Found a glowing silver altar of Zin.
  6983 | D:6      | Found a staircase to the Ecumenical Temple.
  7922 | D:7      | Noticed Joseph
  7946 | D:7      | Killed Joseph
  7947 | D:7      | Reached XP level 10. HP: 28/73 MP: 0/0
  8377 | D:7      | Reached * piety under Makhleb
  9197 | D:8      | Reached skill level 5 in Dodging
 10187 | D:9      | Reached ** piety under Makhleb
 10349 | D:9      | Found a runed translucent gate.
 10349 | D:9      | Found a runed translucent gate.
 10350 | D:9      | Found a runed translucent gate.
 10351 | D:9      | Noticed a ten-headed hydra
 10354 | D:9      | Noticed a nine-headed hydra
 10355 | D:9      | Noticed a3don's ghost (novice MiFi)
 10888 | D:9      | Found a staircase to the Orcish Mines.
 10954 | D:9      | Reached XP level 11. HP: 34/81 MP: 0/0
 10954 | D:9      | Learned a level 4 spell: Anguish
 11301 | D:9      | Noticed a seven-headed hydra
 11319 | D:9      | Killed a seven-headed hydra
 11531 | D:9      | Noticed Psyche
 11534 | D:9      | Killed Psyche
 11535 | D:9      | Reached skill level 10 in Spellcasting
 11673 | D:9      | Noticed Maurice
 11680 | D:9      | Killed Maurice
 12009 | D:10     | Entered Level 10 of the Dungeon
 12050 | D:10     | Found a snail-covered altar of Cheibriados.
 12182 | D:10     | Reached *** piety under Makhleb
 12366 | D:10     | Noticed a two-headed ogre
 12374 | D:10     | Killed a two-headed ogre
 12513 | D:10     | Noticed Grum
 12526 | D:10     | Killed Grum
 13033 | D:10     | Found Hioghoze's Armour Boutique.
 13161 | D:11     | Noticed a cyclops
 13173 | D:11     | Killed a cyclops
 13174 | D:11     | Reached XP level 12. HP: 65/90 MP: 0/0
 13301 | D:11     | Noticed Gastronok
 13834 | D:11     | Noticed a boulder beetle
 14913 | D:11     | Reached **** piety under Makhleb
 15067 | D:11     | Killed a boulder beetle
 15068 | D:11     | Reached skill level 10 in Fighting
 15280 | D:11     | Reached skill level 1 in Evocations
 15382 | D:11     | Noticed a two-headed ogre
 15396 | D:11     | Killed a two-headed ogre
 15492 | D:11     | Killed Gastronok
 15493 | D:11     | Reached skill level 1 in Shields
 15596 | D:11     | Reached skill level 2 in Shields
 15789 | D:11     | Found a staircase to the Lair.
 15891 | Lair:1   | Entered Level 1 of the Lair of Beasts
 15901 | Lair:1   | Noticed Erica
 15912 | Lair:1   | Killed Erica
 15924 | Lair:1   | Noticed a four-headed hydra
 15937 | Lair:1   | Killed a four-headed hydra
 15938 | Lair:1   | Reached skill level 3 in Shields
 15999 | Lair:1   | Noticed Harold
 16036 | Lair:1   | Reached XP level 13. HP: 96/97 MP: 0/0
 16036 | Lair:1   | Learned a level 5 spell: Manifold Assault
 16038 | Lair:1   | Noticed a five-headed hydra
 16050 | Lair:1   | Killed a five-headed hydra
 16085 | Lair:1   | Reached skill level 4 in Shields
 16181 | Lair:1   | Killed Harold
 16829 | Lair:2   | Reached skill level 5 in Shields
 16855 | Lair:2   | Reached ***** piety under Makhleb
 17205 | Lair:2   | Found a staircase to the Swamp.
 17211 | Lair:2   | Reached skill level 6 in Shields
 17738 | Lair:3   | Found a staircase to the Snake Pit.
 18066 | Lair:3   | Reached XP level 14. HP: 84/107 MP: 0/0
 18244 | Lair:3   | Reached skill level 7 in Shields
 18968 | Lair:4   | Found a sparkling altar of Nemelex Xobeh.
 19357 | Lair:4   | Reached skill level 8 in Shields
 19464 | Lair:4   | Noticed Urug
 19474 | Lair:4   | Killed Urug
 19606 | Lair:4   | Reached ****** piety under Makhleb
 19790 | Lair:4   | Identified the ring of Zuav {Ice Int-4 Slay+4}
 19873 | Lair:4   | Reached skill level 9 in Shields
 19924 | Lair:4   | Noticed a dire elephant
 19935 | Lair:4   | Killed a dire elephant
 20411 | Lair:5   | Reached XP level 15. HP: 99/115 MP: 0/0
 20411 | Lair:5   | Learned a level 6 spell: Dispersal
 21442 | Lair:6   | Entered Level 6 of the Lair of Beasts
 21588 | Lair:6   | Reached skill level 10 in Shields
 21722 | Lair:6   | Found a staircase to the Slime Pits.
 21982 | Lair:6   | Found a runed translucent door.
 21982 | Lair:6   | Noticed ProzacElf's ghost (journeyman TrDe)
 22002 | Lair:6   | Killed ProzacElf's ghost
 22653 | Orc:1    | Entered Level 1 of the Orcish Mines
 23221 | Orc:2    | Entered Level 2 of the Orcish Mines
 23237 | Orc:2    | Reached skill level 11 in Shields
 23244 | Orc:2    | Found a staircase to the Elven Halls.
 23269 | Orc:2    | Found Ulitot's General Store.
 23275 | Orc:2    | Bought a scroll of identify for 22 gold pieces
 23275 | Orc:2    | Bought a scroll of enchant armour for 82 gold pieces
 23648 | Orc:2    | Found Goekh's Assorted Antiques.
 23663 | Orc:2    | Bought a scroll labelled BYUSMI NEDUTZ for 25 gold pieces
 23663 | Orc:2    | Bought a scroll of identify for 50 gold pieces
 23731 | Orc:2    | Noticed an orc warlord
 23737 | Orc:2    | Reached XP level 16. HP: 105/123 MP: 0/0
 23746 | Orc:2    | Found Funao's Antique Armour Shop.
 23749 | Orc:2    | Found Ophaptaw's Antique Weapon Boutique.
 24283 | D:12     | Noticed Azrael
 24293 | D:12     | Killed Azrael
 24294 | D:12     | Reached skill level 15 in Fighting
 24428 | D:12     | Identified the +3 leather armour "Renliumpe" {rElec Dex+2}
 24434 | D:12     | Identified the +8 hand axe of the Key {holy, Int+6}
 25148 | D:13     | Found a transporter.
 25187 | D:13     | Found a transporter.
 25644 | D:13     | You are sucked into a shaft and drop 2 floors!
 25644 | D:15     | Entered Level 15 of the Dungeon
 25665 | D:15     | Noticed Josephine
 25667 | D:15     | Noticed Rupert
 25672 | D:14     | Killed Josephine
 25793 | D:13     | Reached skill level 12 in Shields
 25798 | D:13     | Found a gate to the Vaults.
 26992 | D:15     | Noticed MadAsgardian's ghost (journeyman TrMo)
 26992 | D:15     | Found a runed translucent door.
 27148 | Snake:1  | Entered Level 1 of the Snake Pit
 27788 | Snake:1  | Reached XP level 17. HP: 82/132 MP: 0/0
 27788 | Snake:1  | Learned a level 6 spell: Eringya's Noxious Bog
 28655 | Snake:1  | Reached skill level 5 in Stealth
 29053 | Snake:2  | Reached skill level 13 in Shields
 29053 | Snake:2  | Reached skill level 15 in Spellcasting
 29093 | Snake:2  | Found an opulent altar of Gozag.
 29923 | Snake:3  | Found Ofoisoer's Weapon Boutique.
 29939 | Snake:3  | Reached skill level 10 in Dodging
 30195 | Snake:3  | Found Finikk's Jewellery Shop.
 30345 | Snake:3  | Reached XP level 18. HP: 132/139 MP: 0/0
 30989 | Snake:4  | Entered Level 4 of the Snake Pit
 31839 | Snake:4  | Reached skill level 14 in Shields
 32967 | Snake:4  | Got a serpentine rune of Zot
 32980 | Snake:4  | Identified 2 scrolls of acquirement
 32989 | Snake:4  | Acquired the +2 helmet of the Equinox {rElec rPois rN+++
                  | MP-9}
 32990 | Snake:4  | Acquired the +1 cloak of Starlight {*Dazzle EV+4 Stlth--}
 32990 | Snake:4  | Found the +1 cloak of Starlight {*Dazzle EV+4 Stlth--}
 33430 | Swamp:1  | Entered Level 1 of the Swamp
 33462 | Swamp:1  | Noticed Donald
 33472 | Swamp:1  | Killed Donald
 33475 | Swamp:1  | Reached XP level 19. HP: 100/147 MP: 0/0
 33475 | Swamp:1  | Learned a level 7 spell: Summon Hydra
 33619 | Swamp:1  | Noticed Frances
 33635 | Swamp:1  | Killed Frances
 35191 | Swamp:3  | Noticed Aizul
 35199 | Swamp:3  | Killed Aizul
 35973 | Swamp:3  | Reached skill level 15 in Shields
 36316 | Swamp:4  | Entered Level 4 of the Swamp
 37375 | Swamp:4  | Got a decaying rune of Zot
 37652 | Elf:1    | Entered Level 1 of the Elven Halls
 37668 | Elf:1    | Reached XP level 20. HP: 155/155 MP: 0/0
 37792 | Elf:1    | Noticed Pileg's ghost (adept FoFi)
 37829 | Elf:1    | Found a runed translucent gate.
 37830 | Elf:1    | Found a runed translucent gate.
 37830 | Elf:1    | Found a runed translucent gate.
 38202 | Elf:1    | Found Meifis's Assorted Antiques.
 38210 | Elf:1    | Bought a crude wooden ring for 115 gold pieces
 38210 | Elf:1    | Identified the ring of Bury {+Blink Fly rC+ rCorr} (You
                  | bought it in a shop on level 1 of the Elven Halls)
 38360 | Elf:1    | Paralysed by an air elemental for 1 turns
 38363 | Elf:1    | Paralysed by an air elemental for 1 turns
 38374 | Elf:1    | Bought a potion of brilliance for 92 gold pieces
 38374 | Elf:1    | Bought a potion of heal wounds for 115 gold pieces
 38374 | Elf:1    | Bought a scroll of teleportation for 69 gold pieces
 38374 | Elf:1    | Bought a potion of cancellation for 184 gold pieces
 38405 | Elf:1    | Noticed a Tzitzimitl
 38692 | Elf:1    | Found Wueroki's General Store.
 38807 | Elf:1    | Found Abiaffen's Overcharged Wands.
 38891 | Elf:1    | Paralysed by an air elemental for 1 turns
 39044 | Elf:1    | Killed Pileg's ghost
 39084 | Elf:1    | Acquired a manual of Dodging
 39291 | Elf:2    | Found a runed translucent gate.
 39291 | Elf:2    | Found a runed translucent gate.
 39295 | Elf:2    | Found a runed translucent gate.
 39376 | Elf:2    | Noticed Jorgrun
 39382 | Elf:2    | Killed Jorgrun
 39529 | Elf:3    | Entered Level 3 of the Elven Halls
 40197 | Vaults:1 | Entered Level 1 of the Vaults
 40267 | Vaults:1 | Paralysed by a sphinx for 3 turns
 40461 | Vaults:1 | Reached skill level 16 in Shields
 40524 | Vaults:1 | Reached XP level 21. HP: 95/162 MP: 0/0
 40524 | Vaults:1 | Learned a level 8 spell: Borgnjor's Revivification
 40803 | Vaults:1 | Reached skill level 15 in Dodging
 41054 | Vaults:1 | Found a portal to a secret trove of treasure.
 41060 | Vaults:1 | You paid a toll of 4 potions of resistance to enter a
                  | treasure trove
 41061 | Trove    | Entered a treasure trove
 41261 | Vaults:1 | Reached skill level 5 in Evocations
 42139 | Vaults:2 | Reached skill level 17 in Shields
 42723 | Vaults:2 | Found a staircase to the Crypt.
 43104 | Crypt:1  | Entered Level 1 of the Crypt
 43207 | Crypt:1  | Found a basalt altar of Yredelemnul.
 43239 | Crypt:1  | Reached XP level 22. HP: 164/169 MP: 0/0
 43665 | Crypt:1  | Identified the +1 robe of Distant Shores {Rampage Regen+}
 44015 | Crypt:2  | Noticed an ancient lich
 44032 | Crypt:2  | Killed an ancient lich
 44094 | Crypt:2  | Reached skill level 18 in Shields
 44376 | Crypt:1  | Reached skill level 10 in Evocations
 45042 | Crypt:3  | Entered Level 3 of the Crypt
 45333 | Crypt:3  | Noticed a bone dragon
 45349 | Crypt:3  | Killed a bone dragon
 45651 | Crypt:3  | Identified the +9 trident of Zirchoce {drain, *Noise Dex+5}
 45949 | Crypt:3  | Reached skill level 5 in Armour
 46306 | Crypt:3  | Reached skill level 19 in Shields
 46463 | Crypt:3  | Found a staircase to the Tomb.
 46471 | Crypt:3  | Noticed an ancient lich
 46485 | Crypt:3  | Killed from afar by an ancient lich

Illustrated notes

Levels and vault maps discovered:
D:1:      dpeg_arrival_boxorama, layout_rooms, ebering_ecumenical_altar_mist
D:2:      layout_rooms, minmay_pentomino_w2
D:3:      layout_basic, gammafunk_temple_overflow_statue, portal_sewer_entry_b,
          serial_shops, shop_fountains, serial_bayou_lake_a
D:4:      layout_basic
D:5:      layout_cave_pools, hellmonk_ghost_happy_afterlife,
          minmay_misc_feat_four_crosses
D:6:      layout_cave_pods, nicolae_ru_awakened_eye, zin_academy,
          makhleb_blood_cavern_becter, minmay_temple_entry_statues_pillars,
          uniq_blork_the_orc, uniq_pikel
D:7:      layout_loops_ring, uniq_joseph
D:8:      layout_basic, serial_bayou_pond_e
D:9:      layout_stronghold, erik_orc_4, serial_column_ruins,
          column_ruins_open_medium, column_ruins_open_medium,
          column_ruins_grid_1, column_ruins_columns_corner,
          column_ruins_columns_straight, gammafunk_ghost_hydra_chop,
          uniq_psyche, uniq_maurice
D:10:     layout_gridville, slow_altar_1, serial_shops, shop, special_room
          [special_room_kobold], uniq_grum
D:11:     layout_loops_cross, erik_lair_island, minmay_beelzebubs_servants,
          uniq_gastronok
D:12:     minmay_the_grid_triangle_9x9_rhombus_thin
          [minmay_the_grid_triangle_9x9_sparse_checkered,
          minmay_the_grid_triangle_9x9_prize_top_heavy,
          minmay_the_grid_triangle_9x9_swiss_cheese,
          minmay_the_grid_triangle_9x9_empty], layout_basic, uniq_azrael
D:13:     gammafunk_cloud_chamber, layout_long_grid, ximxim_vaults_locker_room,
          minivault_16
D:14:     layout_grid_maze, minivault_14
D:15:     grunt_enter_depths_magical_seal, layout_basic, gammafunk_ghost_grave,
          hangedman_abyss_or_decor_jellyfish_corner, lightli_airlock,
          uniq_rupert, uniq_josephine
Lair:1:   layout_cave_pods, beast_lair_carwin_5, uniq_erica, uniq_harold
Lair:2:   layout_loops_ring, skrybe_swamp_entry_bodies
Lair:3:   layout_gridlike, guppyfry_snake_entry_garden
Lair:4:   nzn_winding_woodlands_huge [nzn_winding_woodlands_5x15_split_checker,
          nzn_winding_woodlands_5x15_zeroes, nzn_winding_woodlands_5x15_twine,
          nzn_winding_woodlands_5x15_lazy_stream,
          nzn_winding_woodlands_5x15_default, nzn_winding_woodlands_5x15_jagged,
          nzn_winding_woodlands_5x15_sidewinder,
          nzn_winding_woodlands_5x15_river_crossing,
          nzn_winding_woodlands_5x15_pockets, nzn_winding_woodlands_5x15_parted,
          nzn_winding_woodlands_center_pierced_h,
          nzn_winding_woodlands_center_garden,
          nzn_winding_woodlands_15x15_boxy_spiral], layout_loops_ring,
          basic_altar, uniq_urug
Lair:5:   gammafunk_indiana_jones, layout_layer_cave
Lair:6:   evilmike_catoblepas_cave, layout_cave_pods,
          nicolae_slime_entry_slimehenge, gammafunk_ghost_grave
Swamp:1:  layout_basic_swamp, evilmike_swamp_ruin_house_2, uniq_frances,
          uniq_donald
Swamp:2:  layout_falls_marsh, nicolae_swamp_dense_foliage,
          infiniplex_staircase_pool
Swamp:3:  nicolae_swamp_flooded_prison, layout_basic_swamp,
          nicolae_swamp_some_circles, uniq_aizul
Swamp:4:  swamp_icy, layout_basic_swamp, nicolae_swamp_orc_logging_accident
Snake:1:  layout_basic
Snake:2:  layout_rooms, basic_altar
Snake:3:  layout_cave_town, serial_shops, nicolae_shop_bloodbath_and_beyond,
          minmay_shop_enchanted_jewellery, serial_bayou_shore_b
Snake:4:  minmay_snake_end_coiled, layout_gridlike, lemuel_fruit_tree
Orc:1:    layout_diamond_mine, hangedman_minor_magic
Orc:2:    grunt_orc_community_town_hall, layout_caves,
          grunt_orc_community_big_house_2, grunt_orc_community_big_house_1,
          grunt_orc_community_house_3, grunt_orc_community_house_2,
          grunt_orc_community_house_3, grunt_orc_community_house_2,
          grunt_orc_community_house_1
Elf:1:    nicolae_elf_arrival_no_cutting_in_line, layout_loops_ring,
          serial_shops, nicolae_shop_overgrown_old_shop, gammafunk_ghost_split,
          kennysheep_underground_church, nicolae_take_the_stairs,
          nicolae_elf_big_sculpture_2, nicolae_shop_overcharged_wands
Elf:2:    elven_hall_of_blades_hangedman_original [mumra_blade_entry_dagger],
          layout_geoelf_grid, special_room [special_room_orc], uniq_jorgrun
Elf:3:    minmay_elf_hall_spiked, layout_rooms, basic_altar,
          nicolae_elf_shapeshifter_party
Vaults:1: mu_enter_wizlab_4, ontoclasm_vaults_ligature,
          ontoclasm_vaults_ring_square, hangedman_vaults_stream,
          nicolae_vaults_network_barrier, vaults_mumra_bighexcomb,
          ontoclasm_vaults_ring_large, grunt_vaults_bifocal, vaults_room_pool,
          vaults_standard_mumra_lines, hangedman_vaults_snaps, v_alt_pattern_6,
          v_misc_2, layout_vaults_omnibox, enter_trove_6
Vaults:2: nicolae_vaults_network_periphery, nicolae_vaults_shelves_hall,
          blue_anna_dwarven_crypt, hangedman_vaults_hat, ontoclasm_vaults_chip,
          v_alt_pattern_6, v_misc_12, ontoclasm_vaults_spin,
          ontoclasm_vaults_hangar, layout_vaults_omnicross
Crypt:1:  layout_basic, corexii_leaking_fountain,
          lemuel_mausoleum_altar_yredelemnul, roderic_lattice_octagonal_star,
          grunt_megastairs_1
Crypt:2:  layout_rooms
Crypt:3:  quadcrypt_mu

Skill      XL: |  1  2  3  4  5  6  7  8  9 10 11 12 13 14 15 16 17 18 19 20 21 22 |
---------------+-------------------------------------------------------------------+-----
Fighting       | 1 2 3 4 5 6 8 9 10 12 13 14 15 16 17 18 | 18.1
Spellcasting   | 4 5 6 7 8 9 10 11 12 13 14 15 16 17 18 | 18.9
Armour         | 1 2 3 5 |  5.5
Dodging        | 3 5 7 8 10 11 12 14 16 18 | 18.7
Evocations     | 3 4 8 10 | 10.7
Shields        | 3 6 9 11 12 13 14 15 16 17 19 | 19.1
Stealth        | 4 6 |  6.2

Action                   |  1- 3 |  4- 6 |  7- 9 | 10-12 | 13-15 | 16-18 | 19-21 | 22-24 || total
-------------------------+-------+-------+-------+-------+-------+-------+-------+-------++-------
Melee: Unarmed           |       |     5 |       |     1 |       |       |       |       ||     6
       Trident           |       |       |       |    29 |   134 |     4 |       |       ||   167
       Hand axe          |       |       |       |       |       |    22 |    48 |    34 ||   104
 Cast: Magic Dart        |    50 |       |       |       |       |       |       |       ||    50
       Searing Ray       |     5 |    16 |       |       |       |       |       |       ||    21
       Scorch            |       |    61 |    65 |   113 |    57 |    23 |    18 |       ||   337
       Iskenderun's Myst |       |     1 |    35 |   135 |   420 |   394 |   316 |    72 ||  1373
       Fulminant Prism   |       |     1 |     9 |    29 |    11 |    24 |     2 |       ||    76
       Dazzling Flash    |       |       |     1 |       |       |     1 |       |       ||     2
       Cause Fear        |       |       |       |    11 |     4 |     4 |     1 |       ||    20
       Anguish           |       |       |       |    13 |    23 |    68 |    30 |       ||   134
       Dispersal         |       |       |       |       |     1 |     2 |     1 |       ||     4
       Eringya's Noxious |       |       |       |       |       |    98 |    47 |     1 ||   146
       Summon Hydra      |       |       |       |       |       |       |   233 |   177 ||   410
Evoke: Wand              |       |       |       |     6 |       |       |     1 |       ||     7
  Use: Scroll            |       |       |       |       |       |    23 |    14 |     8 ||    45
       Potion            |       |       |       |       |       |       |     3 |     1 ||     4
 Stab: Sleeping          |       |       |       |       |     2 |       |       |       ||     2
Armor: Robe              |       |     4 |     2 |       |       |       |       |       ||     6
       Ring mail         |       |     2 |     3 |    62 |       |       |       |       ||    67
       Troll leather arm |       |       |       |     1 |    70 |    16 |    30 |    44 ||   161
       Leather armour    |       |       |       |       |       |    66 |    23 |       ||    89
Dodge: Dodged            |     8 |    25 |    21 |    64 |   128 |   164 |   158 |    64 ||   632
Block: Kite shield       |       |       |       |       |   117 |   124 |       |       ||   241
       Tower shield      |       |       |       |       |       |   195 |   402 |   171 ||   768
